 Dungeon Crawl Stone Soup version 0.22.1-1-ga44c0e5 (webtiles) character file.

982 Fang the Chopper (level 8, -1/50 HPs)
             Began as a Gargoyle Berserker on Nov 1, 2018.
             Was a Priest of Trog.
             Slain by an orc warrior
             ... wielding a +0 hand axe
              (2 damage)
             ... on level 6 of the Dungeon.
             The game lasted 00:04:41 (4173 turns).

Fang the Chopper (Gargoyle Berserker)               Turns: 4173, Time: 00:04:42

Health: -1/50      AC: 16    Str: 26    XL:     8   Next: 17%
Magic:  8/8        EV:  9    Int:  8    God:    Trog [***...]
Gold:   244        SH:  0    Dex:  9    Spells: 7/7 levels left

rFire    . . .     SeeInvis .   a - +0 hand axe
rCold    + . .     Gourm    .   (no shield)
rNeg     + . .     Faith    .   p - +2 chain mail {rC+}
rPois    ∞         Spirit   .   (no helmet)
rElec    +         Reflect  .   (no cloak)
rCorr    .         Harm     .   (no gloves)
MR       .....                  (no boots)
Stlth    ..........             (no amulet)
HPRegen  0.16/turn              d - +3 ring of strength
MPRegen  0.11/turn              (no ring)

@: berserk cooldown
A: negative energy resistance 1, electricity resistance, unbreathing,
petrification resistance, rot immunity, AC +5
a: Berserk, Trog's Hand, Renounce Religion


You were on level 6 of the Dungeon.
You worshipped Trog.
Trog was most pleased with you.
You were very hungry.

You visited 1 branch of the dungeon, and saw 6 of its levels.

You collected 244 gold pieces.

Inventory:

Hand Weapons
 a - a +0 hand axe (weapon)
Armour
 p - a +2 chain mail of cold resistance (worn)
Jewellery
 d - a +3 ring of strength (left hand)
 q - an uncursed ring of magical power
Wands
 j - a wand of paralysis (12)
 n - a wand of iceblast (19)
 x - a wand of acid (11)
Scrolls
 e - 2 scrolls of remove curse {unknown}
 f - 4 scrolls of enchant armour {unknown}
 g - 2 scrolls of teleportation {unknown}
 l - a scroll of magic mapping {unknown}
 m - a scroll of immolation {unknown}
 o - a scroll of blinking {unknown}
 r - 4 scrolls of identify {unknown}
 s - a scroll of random uselessness {unknown}
Potions
 b - a potion of brilliance {unknown}
 h - 3 potions of degeneration {unknown}
 i - 5 potions of agility {unknown}
 k - 6 potions of curing {unknown}
 t - a potion of berserk rage {unknown}
 v - a potion of lignification {unknown}
 w - a potion of mutation {unknown}
Comestibles
 c - 11 rations


   Skills:
 + Level 5.4 Fighting
 + Level 6.7 Axes
 + Level 3.6 Armour
 + Level 3.2 Dodging
 + Level 1.7 Stealth


You had 7 spell levels left.
You didn't know any spells.
Your spell library was empty.

Dungeon Overview and Level Annotations

Branches:
Dungeon (6/15)
 Temple: D:4-7

Altars:
Cheibriados
Dithmenos
Fedhas
Gozag
Xom


Innate Abilities, Weirdness & Mutations

You are resistant to torment.
Your stone body is resilient. (AC +5)
You are immune to poison.
You resist negative energy. (rN+)
You are resistant to electric shocks. (rElec)
You can survive without breathing.
You are immune to petrification.
You are immune to rotting.


Message History

The orc warrior is severely wounded.
You hit the orc but do no damage. The orc hits you but does no damage.
The orc warrior hits you but does no damage.
You completely miss the orc warrior.
The orc warrior is severely wounded.
You closely miss the orc. The orc hits you but does no damage.
The orc warrior hits you with a hand axe.
* * * LOW HITPOINT WARNING * * *
You closely miss the orc warrior.
The orc warrior is severely wounded.
You closely miss the orc. The orc hits you but does no damage.
The orc warrior barely misses you.
You closely miss the orc warrior.
The orc warrior is severely wounded.
You closely miss the orc. The orc hits you but does no damage.
You hit the orc warrior.
The orc warrior is almost dead.
You barely miss the orc.
The orc warrior hits you with a hand axe.
You die...

###.....######..#
##.#.#.#.........#
#<......###.####.##
##.#.#.## #.# #...#
#.).....# #.# #..##
..#.#.#.## #.# #)##
.........# #.# #)#
..#.#.#.## #.# #†#
.........# #.# #@#
.##.#.#.#......)oo..#
####.#####.# .. # ...
##


You could see an orc warrior and an orc.

Vanquished Creatures
  Sigmund (D:3)
  Edmund (D:4)
  2 ogres
  A centaur (D:5)
  A howler monkey (D:5)
  A quasit (D:5)
  2 orc priests (D:6)
  2 hounds
  4 orc wizards
  2 worker ants
  A hound skeleton (D:4)
  3 adders
  A shadow imp (D:5)
  An ooze (D:1)
  A worm (D:2)
  A dart slug (D:2)
  A leopard gecko (D:4)
  14 orcs
  A ball python (D:1)
  5 giant cockroaches
  4 goblins
  4 hobgoblins
  6 jackals
  2 kobolds
  2 quokkas (D:4)
  2 bats
  10 frilled lizards
  A jackal skeleton (D:5)
  6 rats
83 creatures vanquished.

Notes
Turn   | Place    | Note
-------+----------+-------------------------------------------
     0 | D:1      | Fang the Gargoyle Berserker began the quest for the Orb.
     0 | D:1      | Reached XP level 1. HP: 14/14 MP: 1/1
   128 | D:1      | Reached XP level 2. HP: 19/19 MP: 2/2
   134 | D:1      | Reached skill level 3 in Axes
   540 | D:1      | Reached XP level 3. HP: 23/24 MP: 3/3
  1084 | D:2      | Reached ** piety under Trog
  1659 | D:3      | Reached XP level 4. HP: 12/29 MP: 4/4
  2049 | D:3      | Found an opulent altar of Gozag.
  2050 | D:3      | Found a snail-covered altar of Cheibriados.
  2193 | D:3      | Noticed Sigmund
  2202 | D:3      | Killed Sigmund
  2202 | D:3      | Reached skill level 4 in Axes
  2202 | D:3      | Reached skill level 1 in Stealth
  2202 | D:3      | Reached XP level 5. HP: 34/34 MP: 5/5
  2202 | D:3      | Reached XP level 6. HP: 39/39 MP: 6/6
  2730 | D:4      | Reached skill level 5 in Axes
  3192 | D:4      | Reached skill level 5 in Fighting
  3192 | D:4      | Reached XP level 7. HP: 24/44 MP: 7/7
  3445 | D:4      | Noticed Edmund
  3458 | D:4      | Killed Edmund
  3502 | D:5      | Entered Level 5 of the Dungeon
  3668 | D:5      | Found a shadowy altar of Dithmenos.
  3723 | D:5      | Reached *** piety under Trog
  3723 | D:5      | Reached skill level 6 in Axes
  3838 | D:5      | Found an opulent altar of Gozag.
  3854 | D:5      | Found a blossoming altar of Fedhas.
  3960 | D:5      | Found a shimmering altar of Xom.
  4140 | D:6      | Reached XP level 8. HP: 49/49 MP: 8/8
  4170 | D:6      | HP: 1/50 [orc warrior/hand axe (3)]
  4173 | D:6      | Slain by an orc warrior

Skill      XL: |  1  2  3  4  5  6  7 |
---------------+----------------------+-----
Axes           | 3 4 5 6 |  6.7
Fighting       | 4 5 |  5.4
Dodging        | 2 3 |  3.2
Stealth        | 1 |  1.7
Armour         | 3 |  3.6

Action                   |  1- 3 |  4- 6 |  7- 9 || total
-------------------------+-------+-------+-------++-------
Melee: Hand axe          |   130 |    97 |   152 ||   379
Invok: Berserk           |     1 |     1 |     2 ||     4
  Eat: Chunk             |     2 |     6 |     5 ||    13
Armor: Animal skin       |    40 |     3 |       ||    43
       Chain mail        |       |    59 |   108 ||   167
Dodge: Dodged            |    84 |    52 |    54 ||   190
